[Event "World Junior Chess Championship U20 2022"]
[White "Vagman, Roy"]
[Black "Nesterov, Arseniy"]
[WhiteFideId "2828995"]
[BlackFideId "24198455"]
[WhiteElo "2274"]
[BlackElo "2567"]
[Result "0-1"]
[Round "02"]
[TimeControl "5400+30"]
[Date "2022.10.13"]
[WhiteClock "0:04:43"]
[BlackClock "0:27:14"]

1. e4 c6 2. d4 d5 3. e5 c5 4. dxc5 e6 5. c3 Nc6 6. Nf3 Bxc5 7. b4 Bb6 8. b5 Nce7 9. Bd3 f6 10. Qc2 fxe5 11. Nxe5 Nf6 12. Bg5 Qc7 13. Qe2 Ne4 14. f4 Nxg5 15. Qh5+ g6 16. Qxg5 Qc5 17. Ng4 Rf8 18. Kd1 Bd7 19. Nf6+ Kd8 20. Re1 h6 21. Qxh6 Rxf6 22. Qh8+ Ng8 23. Qxg8+ Kc7 24. Qxa8 Rf8 25. Qxf8 Qxf8 26. g3 Qh6 27. Re2 e5 28. Rxe5 Qxh2 29. Nd2 Qxg3 30. Kc2 Qxf4 31. Rae1 Bf2 32. R1e2 Bg4 33. Rxf2 Qxf2 34. Rxd5 Qg1 35. Ne4 Qg2+ 36. Kb1 Be6 37. Rc5+ Kb6 38. Bc2 Qh2 39. Kb2 Bf5 40. Rc4 g5 41. Rd4 g4 42. Rd2 Qg1 43. Rd1 Qg2 44. Rd4 Bxe4 45. Rxe4 g3 46. Kb3 Qf2 47. Re6+ Kc5 48. Re5+ Kd6 49. Rf5 Qxf5 0-1


[Site "http://www.chessbomb.com"]

[Event "World Junior Chess Championship U20 2022"]
[White "Nemeth, Zalan"]
[Black "Petkov, Momchil"]
[WhiteFideId "2512041"]
[BlackFideId "2921642"]
[WhiteElo "2247"]
[BlackElo "2511"]
[Result "0-1"]
[Round "02"]
[TimeControl "5400+30"]
[Date "2022.10.13"]
[WhiteClock "0:29:47"]
[BlackClock "0:19:08"]

1. c4 e5 2. Nc3 Bb4 3. Nd5 a5 4. Nf3 d6 5. a3 Bc5 6. e3 c6 7. d4 Ba7 8. Nc3 Nd7 9. Qc2 Ngf6 10. Bd2 Qe7 11. O-O-O O-O 12. Kb1 b5 13. cxb5 Bb7 14. bxc6 Bxc6 15. Bb5 Bb7 16. Qa4 Nb6 17. Qb3 a4 18. Qb4 Nfd5 19. Nxd5 Nxd5 20. Qxa4 Bxd4 21. Qb3 Bc5 22. Bc4 Nf6 23. Bb4 Be4+ 24. Ka1 Rfb8 25. Bxf7+ Kh8 0-1


[Site "http://www.chessbomb.com"]

[Event "World Junior Chess Championship U20 2022"]
[White "Abdurakhmonov, Mukhammadali"]
[Black "Parkhov, Yair"]
[WhiteFideId "14207346"]
[BlackFideId "2813408"]
[WhiteElo "2345"]
[BlackElo "2484"]
[Result "1-0"]
[Round "02"]
[TimeControl "5400+30"]
[Date "2022.10.13"]
[WhiteClock "0:01:25"]
[BlackClock "0:01:53"]

1. d4 Nf6 2. Nf3 d5 3. c4 e6 4. Qc2 c5 5. dxc5 d4 6. e3 dxe3 7. Bxe3 Na6 8. Nc3 Bxc5 9. Rd1 Qe7 10. Bg5 Nb4 11. Qb1 Nc6 12. a3 a5 13. Be2 h6 14. Bh4 g5 15. Bg3 e5 16. Nd5 Nxd5 17. cxd5 Nd4 18. Nxd4 Bxd4 19. h4 g4 20. O-O O-O 21. Rfe1 Qf6 22. Rxd4 exd4 23. Bd3 Qd8 24. Bh7+ Kh8 25. Be5+ f6 26. Bxd4 Ra6 27. Bd3 Qxd5 28. Qc1 Qf7 29. Qxh6+ Kg8 30. Bxa6 bxa6 31. Bc5 Re8 32. Rxe8+ Qxe8 33. Qxf6 Qe6 34. Qd8+ Kh7 35. Bd4 Kg6 36. Qxa5 Qf5 37. Qd8 Kf7 38. h5 Be6 39. Qc7+ Bd7 40. Qe5 Qxe5 41. Bxe5 a5 42. b4 1-0


[Site "http://www.chessbomb.com"]

[Event "World Junior Chess Championship U20 2022"]
[White "Gorshtein, Ido"]
[Black "Nouri, Alekhine"]
[WhiteFideId "2815532"]
[BlackFideId "5216184"]
[WhiteElo "2471"]
[BlackElo "2251"]
[Result "1-0"]
[Round "02"]
[TimeControl "5400+30"]
[Date "2022.10.13"]
[WhiteClock "1:04:16"]
[BlackClock "0:13:21"]

1. c4 e5 2. g3 c6 3. Nf3 e4 4. Nd4 d5 5. cxd5 Qxd5 6. Nc2 Nf6 7. Nc3 Qh5 8. Ne3 Bh3 9. Qb3 b5 10. Qc2 Bxf1 11. Rxf1 Qg6 12. Nxb5 Kd7 13. Nc3 Na6 14. Qa4 Nc5 15. Qd4+ Kc7 16. b4 Ne6 17. Qc4 Qh5 18. Bb2 Rb8 19. Rc1 Bc5 20. a3 Bxe3 21. fxe3 Nd7 22. Nd5+ Kd8 23. Qxc6 Qxh2 24. Qd6 1-0


[Site "http://www.chessbomb.com"]

[Event "World Junior Chess Championship U20 2022"]
[White "Prraneeth, Vuppala"]
[Black "Avila Rodriguez, Joshua Ad"]
[WhiteFideId "46622373"]
[BlackFideId "5126444"]
[WhiteElo "2451"]
[BlackElo "2225"]
[Result "1-0"]
[Round "02"]
[TimeControl "5400+30"]
[Date "2022.10.13"]
[WhiteClock "0:01:07"]
[BlackClock "0:00:32"]

1. e4 c5 2. Nf3 d6 3. d4 cxd4 4. Nxd4 Nf6 5. Nc3 a6 6. Be3 e5 7. Nb3 Be6 8. f3 Be7 9. Qd2 h5 10. Be2 Nbd7 11. Nd5 Bxd5 12. exd5 Qc7 13. Rc1 O-O 14. c4 a5 15. Na1 Nh7 16. Nc2 Qd8 17. Na3 Bg5 18. Nb5 Nc5 19. O-O f5 20. Bd3 Bxe3+ 21. Qxe3 h4 22. f4 exf4 23. Rxf4 g6 24. Bc2 Qf6 25. Qd4 Rae8 26. Qxf6 Rxf6 27. Rxh4 Ng5 28. Rf4 Kg7 29. a3 Re2 30. b4 axb4 31. axb4 Na6 32. Nd4 Rd2 33. h4 Ne4 34. Ne6+ Rxe6 35. dxe6 Ng3 36. Rf2 Re2 37. Rf3 f4 38. Bd3 Nxb4 39. Rxg3 Rd2 40. Rxg6+ Kh7 41. e7 1-0


[Site "http://www.chessbomb.com"]

[Event "World Junior Chess Championship U20 2022"]
[White "Boyer, Mahel"]
[Black "Tan, Jun Ying"]
[WhiteFideId "45102422"]
[BlackFideId "5710413"]
[WhiteElo "2445"]
[BlackElo "2189"]
[Result "1-0"]
[Round "02"]
[TimeControl "5400+30"]
[Date "2022.10.13"]
[WhiteClock "0:40:40"]
[BlackClock "0:00:55"]

1. d4 Nf6 2. c4 e6 3. Nf3 Bb4+ 4. Nbd2 b6 5. a3 Bxd2+ 6. Qxd2 Bb7 7. e3 Ne4 8. Qc2 f5 9. b3 d6 10. Bb2 O-O 11. Bd3 Nd7 12. O-O Ng5 13. Ne1 g6 14. f3 Qe7 15. Be2 e5 16. dxe5 dxe5 17. c5 Qxc5 18. Qxc5 Nxc5 19. Bc4+ Nf7 20. Bxe5 b5 21. Bxf7+ Rxf7 22. b4 Ne6 23. Rd1 Kf8 24. Rf2 Ke8 25. Rfd2 Rd8 26. Rxd8+ Nxd8 27. Bd4 a6 28. Nd3 Ne6 29. Ne5 Re7 30. h4 f4 31. Kf2 c5 32. bxc5 fxe3+ 33. Bxe3 Nxc5 34. Nxg6 Rxe3 35. Kxe3 hxg6 36. Rd6 Kf7 37. Rb6 Bd5 38. Kd4 Nd7 39. Rxa6 Bc4 40. g4 Be2 41. Ke3 Bc4 42. Ra7 Ke6 43. h5 gxh5 44. gxh5 Kd6 45. h6 Bg8 46. Ra8 Bh7 47. Rh8 Nf6 48. Rb8 Kc6 49. Rf8 Nd7 50. Rf7 Bg6 51. h7 Bxf7 52. h8=Q Kd6 53. Kd4 Be6 54. f4 Ke7 55. Qg7+ Kd6 56. Qh6 Ke7 57. Qg5+ 1-0


[Site "http://www.chessbomb.com"]

[Event "World Junior Chess Championship U20 2022"]
[White "Muradli, Mahammad"]
[Black "Johannsson, Birkir Isak"]
[WhiteFideId "13409301"]
[BlackFideId "2314673"]
[WhiteElo "2550"]
[BlackElo "2165"]
[Result "1-0"]
[Round "02"]
[TimeControl "5400+30"]
[Date "2022.10.13"]
[WhiteClock "0:52:49"]
[BlackClock "0:21:31"]

1. c4 e6 2. Nc3 d5 3. d4 c6 4. e3 Nf6 5. Bd2 Nbd7 6. a3 b6 7. cxd5 cxd5 8. Bd3 Bb7 9. f4 Be7 10. Nf3 O-O 11. O-O Rc8 12. Ne5 Ne4 13. Bxe4 dxe4 14. Qa4 Nxe5 15. fxe5 a6 16. Qd1 f5 17. exf6 Rxf6 18. Rxf6 Bxf6 19. Qg4 Bd5 20. Rf1 Qe8 21. Rxf6 1-0


[Site "http://www.chessbomb.com"]

[Event "World Junior Chess Championship U20 2022"]
[White "Olsen, Filip Boe"]
[Black "Sitbon, Itay"]
[WhiteFideId "1440640"]
[BlackFideId "2820706"]
[WhiteElo "2433"]
[BlackElo "2133"]
[Result "1/2-1/2"]
[Round "02"]
[TimeControl "5400+30"]
[Date "2022.10.13"]
[WhiteClock "0:13:46"]
[BlackClock "0:21:12"]

1. d4 Nf6 2. c4 e6 3. Nf3 d5 4. g3 Bb4+ 5. Bd2 Be7 6. Bg2 O-O 7. O-O c6 8. Bf4 b6 9. Nc3 Bb7 10. Qd3 Nbd7 11. b3 c5 12. cxd5 exd5 13. Ne5 Re8 14. Nxd7 Qxd7 15. Rad1 c4 16. bxc4 dxc4 17. Qb1 Bxg2 18. Kxg2 a5 19. Qb5 Bb4 20. Qxd7 Nxd7 21. Rc1 Bxc3 22. Rxc3 Rac8 23. a4 Rxe2 24. Rfc1 b5 25. axb5 Nb6 26. Bd6 Rb2 27. Bc5 Rxb5 1/2-1/2


[Site "http://www.chessbomb.com"]

[Event "World Junior Chess Championship U20 2022"]
[White "Gagic, Milan A"]
[Black "Galaviz Medina, Sion Radamantys"]
[WhiteFideId "979805"]
[BlackFideId "5123119"]
[WhiteElo "2125"]
[BlackElo "2345"]
[Result "0-1"]
[Round "02"]
[TimeControl "5400+30"]
[Date "2022.10.13"]
[WhiteClock "0:16:07"]
[BlackClock "0:33:50"]

1. e4 c5 2. Nf3 d6 3. d4 cxd4 4. Nxd4 Nf6 5. Nc3 a6 6. Rg1 e6 7. g4 b5 8. g5 Nfd7 9. a3 Bb7 10. Be3 Nc6 11. Nxc6 Bxc6 12. Qd4 Qb8 13. f4 Qb7 14. O-O-O a5 15. Nd5 Nc5 16. Bd3 exd5 17. exd5 Bd7 18. Bd2 Kd8 19. Rg3 Qc7 20. Kb1 Nxd3 21. cxd3 Bf5 22. Rc1 Qa7 23. Qc3 Rc8 24. Qb3 Rxc1+ 25. Bxc1 Qc5 26. Be3 a4 27. Qd1 Qxd5 28. Qc1 Kd7 0-1


[Site "http://www.chessbomb.com"]

[Event "World Junior Chess Championship U20 2022"]
[White "Gov, Guy"]
[Black "Utsab, Chatterjee"]
[WhiteFideId "2820200"]
[BlackFideId "46609148"]
[WhiteElo "2121"]
[BlackElo "2345"]
[Result "0-1"]
[Round "02"]
[TimeControl "5400+30"]
[Date "2022.10.13"]
[WhiteClock "0:10:19"]
[BlackClock "0:40:18"]

1. d4 d5 2. Nf3 Nf6 3. c4 e6 4. g3 Be7 5. Bg2 O-O 6. O-O dxc4 7. Qc2 a6 8. a4 Bd7 9. Qxc4 Bc6 10. Bf4 Bd6 11. Qc1 a5 12. Nc3 Na6 13. Bg5 h6 14. Bxf6 Qxf6 15. e4 e5 16. d5 Bd7 17. Nd2 Bb4 18. Nc4 Nc5 19. Qc2 Rae8 20. d6 Be6 21. Na2 Na6 22. dxc7 Rc8 23. Nxb4 Nxb4 24. Qe2 Rxc7 25. Ne3 Rfc8 26. Qb5 Nc2 27. Rad1 Nxe3 28. fxe3 Bc4 29. Rxf6 Bxb5 30. Rb6 Bxa4 31. b3 Rc1 32. Rf1 Rxf1+ 33. Bxf1 Bc6 34. Bc4 Bxe4 35. Rb5 a4 36. Rxe5 Bc2 37. Rb5 Bxb3 38. Bxb3 axb3 39. Rxb3 Rb8 40. Rb6 Kf8 41. Kf2 Ke7 42. e4 Kd7 43. Ke3 Kc7 44. Rb5 Kc6 45. Rf5 f6 46. Kd4 b5 47. Rc5+ Kb6 48. Rd5 Rc8 49. Rd6+ Rc6 50. Rd7 b4 51. Rxg7 b3 52. Rg8 Kb7 53. Rg7+ Ka6 54. Rg8 b2 55. Rb8 Rb6 0-1


[Site "http://www.chessbomb.com"]

[Event "World Junior Chess Championship U20 2022"]
[White "Cappelletto, Joshuaede"]
[Black "Urbani, Gabriel"]
[WhiteFideId "2824383"]
[BlackFideId "2830138"]
[WhiteElo "2337"]
[BlackElo "2129"]
[Result "1/2-1/2"]
[Round "02"]
[TimeControl "5400+30"]
[Date "2022.10.13"]
[WhiteClock "0:13:14"]
[BlackClock "0:20:41"]

1. e4 e5 2. Bc4 Nf6 3. d3 c6 4. Nf3 d5 5. Bb3 Bd6 6. O-O O-O 7. exd5 cxd5 8. Nc3 d4 9. Nb5 Bg4 10. h3 Bh5 11. Bg5 a6 12. Bxf6 Qxf6 13. Nxd6 Qxd6 14. g4 Bg6 15. Nh4 Nd7 16. f4 exf4 17. Qf3 Nc5 18. Qxf4 Qxf4 19. Rxf4 Nxb3 20. axb3 Bxd3 21. cxd3 g5 22. Rxd4 gxh4 23. Kf2 Rac8 24. Re1 Rc6 25. Re7 Rc2+ 26. Re2 Rc6 27. Kf3 Kg7 28. Re7 Rc2 29. g5 Rxb2 30. Rxb7 Kg6 31. Rxh4 Kxg5 32. Rxh7 Rd8 33. Ke3 f5 34. h4+ Kg6 35. Rhg7+ Kh6 36. Rgf7 Kg6 37. Rg7+ Kh6 38. Rge7 Kh5 39. Re6 Kxh4 40. Rxa6 Rg8 41. Ra1 Rbg2 42. Rf1 R2g3+ 43. Kd2 Rg2+ 44. Kc3 Rc8+ 45. Kb4 Rg4+ 46. Kb5 f4 47. Rh7+ Kg3 48. Rg1+ Kf3 49. Rxg4 Kxg4 50. Rg7+ Kf3 51. d4 Ke4 52. Rf7 Rb8+ 53. Kc4 Rc8+ 54. Kb5 Rb8+ 55. Kc4 1/2-1/2


[Site "http://www.chessbomb.com"]

[Event "World Junior Chess Championship U20 2022"]
[White "Tripodi, Enzo"]
[Black "Raahul, V S"]
[WhiteFideId "2822674"]
[BlackFideId "25035525"]
[WhiteElo "2113"]
[BlackElo "2333"]
[Result "1-0"]
[Round "02"]
[TimeControl "5400+30"]
[Date "2022.10.13"]
[WhiteClock "0:11:53"]
[BlackClock "0:35:12"]

1. e4 e6 2. d4 d5 3. Nc3 Nf6 4. Bg5 Be7 5. e5 Nfd7 6. h4 Nc6 7. Qg4 f6 8. Nf3 h5 9. Qf4 fxg5 10. hxg5 Bb4 11. Bd3 Nf8 12. g4 h4 13. Nxh4 Ne7 14. Qf3 c5 15. dxc5 Qa5 16. O-O-O Bxc3 17. bxc3 Bd7 18. Nf5 exf5 19. Rxh8 Qxc3 20. e6 Qa3+ 21. Kd2 Qb4+ 22. Ke2 Bxe6 23. gxf5 Bd7 24. Qh5+ g6 25. Rxf8+ Kxf8 26. Qh6+ Kg8 27. Rh1 Qg4+ 28. Ke1 Qb4+ 29. Kf1 Qb1+ 30. Kg2 Qxh1+ 31. Kxh1 1-0


[Site "http://www.chessbomb.com"]

[Event "World Junior Chess Championship U20 2022"]
[White "Manish, Anto Cristiano F"]
[Black "Carroll, Peter"]
[WhiteFideId "25095927"]
[BlackFideId "2510243"]
[WhiteElo "2332"]
[BlackElo "2115"]
[Result "1-0"]
[Round "02"]
[TimeControl "5400+30"]
[Date "2022.10.13"]
[WhiteClock "0:28:07"]
[BlackClock "0:23:01"]

1. e4 c5 2. Nf3 d6 3. d4 cxd4 4. Nxd4 Nf6 5. Nc3 a6 6. h3 e5 7. Nb3 Be6 8. f4 exf4 9. Bxf4 Nc6 10. Qe2 Ne5 11. O-O-O Qc7 12. g4 Be7 13. g5 Nfd7 14. Nd4 O-O 15. Nf5 Nb6 16. h4 Rac8 17. Qf2 Rfe8 18. Nxe7+ Rxe7 19. h5 Nec4 20. Rd3 Qc5 21. Qxc5 dxc5 22. b3 Na5 23. Rd6 Nc6 24. Nd5 Nxd5 25. exd5 Bg4 26. dxc6 Re1+ 27. Kb2 Bf3 28. Bh3 1-0


[Site "http://www.chessbomb.com"]

[Event "World Junior Chess Championship U20 2022"]
[White "Carlo, Emanuele"]
[Black "Djurovic, Peko"]
[WhiteFideId "2825380"]
[BlackFideId "16503902"]
[WhiteElo "2306"]
[BlackElo "2084"]
[Result "1-0"]
[Round "02"]
[TimeControl "5400+30"]
[Date "2022.10.13"]
[WhiteClock "0:17:14"]
[BlackClock "0:00:32"]

1. e4 c5 2. Nf3 Nc6 3. Nc3 Nf6 4. Bb5 g6 5. e5 Ng4 6. Bxc6 dxc6 7. d3 Bg7 8. Qe2 O-O 9. O-O b6 10. Qe4 Bf5 11. Qf4 Be6 12. Qg3 Qd7 13. Re1 Nh6 14. Bxh6 Bxh6 15. Rad1 Bg7 16. h3 Rad8 17. a3 h6 18. Qf4 Kh7 19. b4 cxb4 20. axb4 f6 21. Qc1 fxe5 22. Ne4 Rxf3 23. gxf3 Bxh3 24. Ng3 Rf8 25. Qe3 Be6 26. c4 h5 27. Kg2 Bh3+ 28. Kh2 h4 29. Ne4 Bf5 30. Qg5 Bh6 31. Qxh4 Kg7 32. Kg2 Qe6 33. Rh1 g5 34. Qg3 g4 35. fxg4 Bf4 36. gxf5+ 1-0


[Site "http://www.chessbomb.com"]

[Event "World Junior Chess Championship U20 2022"]
[White "Javornik, Nik"]
[Black "Martins, Bruno Andre Leite"]
[WhiteFideId "14636549"]
[BlackFideId "1942255"]
[WhiteElo "2064"]
[BlackElo "2306"]
[Result "0-1"]
[Round "02"]
[TimeControl "5400+30"]
[Date "2022.10.13"]
[WhiteClock "0:41:55"]
[BlackClock "0:04:48"]

1. Nf3 c5 2. g3 g6 3. Bg2 Bg7 4. O-O d5 5. d3 Nf6 6. Nbd2 O-O 7. c3 Nc6 8. e4 e5 9. Re1 Re8 10. exd5 Nxd5 11. Qb3 Nc7 12. Nc4 h6 13. Be3 Bf8 14. Rad1 b5 15. Ncxe5 Nxe5 16. Nxe5 Rxe5 17. Bxa8 Be6 18. Qc2 Qxa8 19. d4 Rh5 20. dxc5 Qf3 21. Qe2 Qxe2 22. Rxe2 Bg4 23. f3 Bxf3 24. Rd7 Bxe2 25. Rxc7 Bg4 26. b4 Re5 27. Kf2 Rf5+ 28. Ke1 Bg7 29. Bd4 Bxd4 30. cxd4 Rd5 31. Rxa7 Rxd4 32. a3 Kf8 33. c6 Rc4 34. c7 Ke8 35. Rb7 Bd7 36. Kd2 Ke7 37. Kd3 Kd6 0-1


[Site "http://www.chessbomb.com"]

[Event "World Junior Chess Championship U20 2022"]
[White "Guz, Ari"]
[Black "Pennica, Andrea"]
[WhiteFideId "2825759"]
[BlackFideId "2816828"]
[WhiteElo "2305"]
[BlackElo "2037"]
[Result "1-0"]
[Round "02"]
[TimeControl "5400+30"]
[Date "2022.10.13"]
[WhiteClock "1:02:08"]
[BlackClock "0:49:55"]

1. d4 Nf6 2. Nc3 c5 3. d5 g6 4. e4 d6 5. Bb5+ Bd7 6. a4 Bg7 7. f4 Bxb5 8. axb5 Nbd7 9. Qe2 O-O 10. Nf3 Ne8 11. O-O Nc7 12. e5 Nb6 13. Rd1 Qd7 14. Be3 f6 15. e6 Qe8 16. f5 gxf5 17. Nh4 f4 18. Nf5 Kh8 19. Bxf4 Rg8 20. Bxd6 1-0


[Site "http://www.chessbomb.com"]

[Event "World Junior Chess Championship U20 2022"]
[White "Candian, Lorenzo"]
[Black "Gaal, Zsoka"]
[WhiteFideId "2863664"]
[BlackFideId "777765"]
[WhiteElo "2022"]
[BlackElo "2298"]
[Result "0-1"]
[Round "02"]
[TimeControl "5400+30"]
[Date "2022.10.13"]
[WhiteClock "0:01:03"]
[BlackClock "0:16:39"]

1. c4 e6 2. g3 d5 3. d4 Nf6 4. Bg2 Bb4+ 5. Bd2 a5 6. Nf3 O-O 7. O-O dxc4 8. Bg5 Nc6 9. e4 Be7 10. Bxf6 Bxf6 11. e5 Be7 12. Nc3 Rb8 13. a4 Nb4 14. Qe2 b6 15. Rfd1 Ba6 16. h4 h6 17. d5 exd5 18. Nd4 c6 19. Bh3 Bc5 20. Nf5 Bc8 21. Ne4 Bxf5 22. Bxf5 Re8 23. Qh5 Rxe5 24. Bh7+ Kxh7 25. Qxe5 Nd3 26. Qf5+ Kg8 27. Nxc5 bxc5 28. Rab1 g6 29. Qg4 h5 30. Qe2 Rb3 31. Qd2 Qf6 32. Rf1 Rxb2 33. Rxb2 Qxb2 34. Qe3 Qd4 35. Qe8+ Kg7 36. Qxc6 c3 37. Qd6 0-1


[Site "http://www.chessbomb.com"]

[Event "World Junior Chess Championship U20 2022"]
[White "Wartiovaara, Oliver"]
[Black "Persico, Lorenzo"]
[WhiteFideId "513024"]
[BlackFideId "899240"]
[WhiteElo "2297"]
[BlackElo "2007"]
[Result "1-0"]
[Round "02"]
[TimeControl "5400+30"]
[Date "2022.10.13"]
[WhiteClock "0:44:25"]
[BlackClock "0:02:09"]

1. Nf3 d5 2. g3 c6 3. Bg2 g6 4. O-O Bg7 5. d4 Nf6 6. c4 O-O 7. Ne5 Nbd7 8. Nc3 dxc4 9. Nxc4 Nb6 10. Ne5 Ng4 11. f4 f6 12. Qb3+ Kh8 13. Nf7+ Rxf7 14. Qxf7 e6 15. f5 gxf5 16. h3 Nh6 17. Qh5 Qxd4+ 18. Kh2 Ng8 19. Rf4 Qc5 20. e4 Bd7 21. exf5 Be8 22. Qf3 Bh6 23. fxe6 Bxf4 24. Bxf4 Rd8 25. Re1 Qe7 26. g4 Bg6 27. g5 Rf8 28. Qg3 fxg5 29. Bd6 Qe8 30. Bxf8 Qxf8 31. e7 1-0


[Site "http://www.chessbomb.com"]

[Event "World Junior Chess Championship U20 2022"]
[White "Stolyarsky, Yegor"]
[Black "Zemach, Nadav"]
[WhiteFideId "2814595"]
[BlackFideId "2820927"]
[WhiteElo "1987"]
[BlackElo "2293"]
[Result "1/2-1/2"]
[Round "02"]
[TimeControl "5400+30"]
[Date "2022.10.13"]
[WhiteClock "0:07:11"]
[BlackClock "0:34:29"]

1. d4 d5 2. c4 e6 3. Nf3 a6 4. cxd5 exd5 5. Nc3 h6 6. Bf4 Nf6 7. e3 Bd6 8. Be5 Be7 9. Bd3 O-O 10. O-O Nbd7 11. Bb1 Re8 12. Qc2 Nf8 13. Rc1 c6 14. a3 Ng6 15. b4 Bd6 16. Bg3 Qe7 17. Qb2 Bg4 18. Bxg6 fxg6 19. Bxd6 Qxd6 20. Ne5 Bf5 21. Na4 Re7 22. Nc5 Ng4 23. Nxg4 Bxg4 24. Nd3 Rf8 25. Ne5 Bd7 26. a4 Be8 27. Rc2 g5 28. Rac1 Re6 29. Rc5 Ref6 30. f3 Kh8 31. Qb3 Qe6 32. b5 axb5 33. axb5 b6 34. Rxc6 Bxc6 35. Rxc6 Qf5 36. Qxd5 Qb1+ 37. Kf2 Qb2+ 38. Kg3 Qd2 39. Qe4 Qe1+ 40. Kh3 Kg8 41. Rxf6 Rxf6 42. Qa8+ Kh7 43. Qe4+ Kg8 44. Qa8+ Kh7 45. Qe4+ Kg8 46. Qd5+ Kh7 47. Qe4+ Kg8 48. Qd5+ 1/2-1/2


[Site "http://www.chessbomb.com"]

[Event "World Junior Chess Championship U20 2022"]
[White "Momin, Fayzan"]
[Black "Flores Quillas, Diego Saul Rodri"]
[WhiteFideId "7805225"]
[BlackFideId "3822508"]
[WhiteElo "1974"]
[BlackElo "2291"]
[Result "0-1"]
[Round "02"]
[TimeControl "5400+30"]
[Date "2022.10.13"]
[WhiteClock "0:36:09"]
[BlackClock "0:43:18"]

1. d4 Nf6 2. c4 e6 3. g3 c5 4. d5 exd5 5. cxd5 d6 6. Nc3 g6 7. Bg2 Bg7 8. Nf3 O-O 9. O-O a6 10. a4 Re8 11. Nd2 Nbd7 12. Nc4 Ne5 13. Nxe5 Rxe5 14. e4 Re8 15. Kh1 Rb8 16. a5 b5 17. axb6 Qxb6 18. f4 Nd7 19. Ra3 c4 20. Qe2 Nc5 21. Qxc4 a5 22. Qa2 Ba6 23. Rg1 Nd3 24. h3 Qf2 25. Nd1 Qxg3 26. Bf1 Qh4 27. Bd2 Bd4 28. Rg4 Nf2+ 29. Nxf2 Qxf2 30. Bxa6 Qxd2 31. b3 Qc1+ 32. Kh2 Rec8 33. Bxc8 Rxc8 34. Rg2 Qxf4+ 35. Rg3 Rc3 0-1


[Site "http://www.chessbomb.com"]

[Event "World Junior Chess Championship U20 2022"]
[White "De Ieso, Lorenzo"]
[Black "Dauw, Sterre"]
[WhiteFideId "2894101"]
[BlackFideId "248886"]
[WhiteElo "1938"]
[BlackElo "2287"]
[Result "0-1"]
[Round "02"]
[TimeControl "5400+30"]
[Date "2022.10.13"]
[WhiteClock "0:02:39"]
[BlackClock "0:28:19"]

1. c4 g6 2. Nc3 Bg7 3. d4 Nf6 4. e4 d6 5. Be2 O-O 6. Be3 e5 7. d5 Nbd7 8. g4 Nc5 9. f3 c6 10. h4 cxd5 11. cxd5 h5 12. g5 Nfd7 13. Qd2 Nb6 14. Nh3 Bxh3 15. Rxh3 Rc8 16. Rc1 f6 17. Rh2 fxg5 18. hxg5 Rf7 19. b4 Nca4 20. Nxa4 Nxa4 21. Bd1 Nb6 22. Qd3 Rxc1 23. Bxc1 Qc8 24. Rc2 Qh3 25. Qf1 Qd7 26. Be3 Bf8 27. Qd3 Be7 28. Rh2 Bd8 29. Bd2 Na4 30. Bxa4 Qxa4 31. f4 exf4 32. Bc3 Bb6 33. e5 Rf5 34. Rxh5 Qa3 35. Rh3 dxe5 36. d6 Qc1+ 37. Ke2 f3+ 38. Rxf3 Qxg5 39. Qd5+ Kf8 40. Rxf5+ Qxf5 41. Qxe5 Qxe5+ 42. Bxe5 Kf7 43. Kf3 Ke6 44. Ke4 Bd8 45. a3 Bf6 46. Bf4 b5 47. Kd3 g5 48. Bg3 a6 49. Kc2 Bg7 50. Kb3 Bf8 51. a4 Bxd6 52. Bf2 Kd5 53. axb5 axb5 54. Kc3 Ke4 55. Bg1 g4 56. Kb3 Kd3 57. Bc5 Bf4 58. Bg1 g3 0-1


[Site "http://www.chessbomb.com"]

[Event "World Junior Chess Championship U20 2022"]
[White "Dimakis, Stavros"]
[Black "Bettalli, Francesco"]
[WhiteFideId "25879472"]
[BlackFideId "2816453"]
[WhiteElo "1832"]
[BlackElo "2267"]
[Result "1-0"]
[Round "02"]
[TimeControl "5400+30"]
[Date "2022.10.13"]
[WhiteClock "0:13:07"]
[BlackClock "0:26:21"]

1. e4 e5 2. Nf3 Nc6 3. Bb5 a6 4. Ba4 Nge7 5. Nc3 Ng6 6. h4 Bc5 7. h5 Nf8 8. h6 g6 9. Nd5 Ne6 10. c3 O-O 11. d3 f5 12. exf5 Rxf5 13. Be3 Bf8 14. g4 Rf7 15. g5 d6 16. Nf6+ Kh8 17. d4 exd4 18. cxd4 d5 19. Bxc6 bxc6 20. Ne5 Bb4+ 21. Kf1 Rf8 22. Qc2 Be7 23. Nxh7 Kxh7 24. Nxg6 Rf7 25. Ne5+ Kg8 26. h7+ 1-0


[Site "http://www.chessbomb.com"]

[Event "World Junior Chess Championship U20 2022"]
[White "Ansat, Aldiyar"]
[Black "Karsten, Jan"]
[WhiteFideId "13715658"]
[BlackFideId "14350653"]
[WhiteElo "2262"]
[BlackElo "1985"]
[Result "1-0"]
[Round "02"]
[TimeControl "5400+30"]
[Date "2022.10.13"]
[WhiteClock "0:01:35"]
[BlackClock "0:01:08"]

1. e4 c5 2. Nf3 d6 3. d4 cxd4 4. Nxd4 Nf6 5. Nc3 a6 6. Bg5 e6 7. f4 Be7 8. Qf3 Qc7 9. O-O-O Nbd7 10. g4 h6 11. Bxf6 Bxf6 12. h4 Nb6 13. g5 Bxd4 14. Rxd4 Qc5 15. Rd2 Bd7 16. Be2 Na4 17. Rd3 Rc8 18. Bd1 Nxc3 19. Rxc3 Qa5 20. Ra3 Qc5 21. gxh6 gxh6 22. Rc3 Qa5 23. Rxc8+ Bxc8 24. e5 dxe5 25. Rf1 Rf8 26. a3 Qc7 27. Qh5 exf4 28. Qxh6 Qe5 29. h5 Rh8 30. Qxf4 Qxf4+ 31. Rxf4 f5 32. Rc4 Kd7 33. Kd2 e5 34. Rc3 b6 35. Rg3 Kd6 36. Rg6+ Be6 37. c3 Ke7 38. h6 Rd8+ 39. Ke1 Rd3 40. Bh5 Rd8 41. h7 Rh8 42. Rh6 b5 43. Kf2 Bd7 44. Bd1 Be6 45. a4 Kf7 46. Bh5+ Ke7 47. a5 Bc8 48. b4 Kf8 49. Rc6 Kg7 50. Rc7+ Kh6 51. Bd1 f4 52. Bc2 Kg5 53. Rg7+ 1-0


[Site "http://www.chessbomb.com"]

[Event "World Junior Chess Championship U20 2022"]
[White "van der Merwe, Alexander"]
[Black "Oye-Stromberg, Alexander"]
[WhiteFideId "14323842"]
[BlackFideId "1525999"]
[WhiteElo "1746"]
[BlackElo "2233"]
[Result "1/2-1/2"]
[Round "02"]
[TimeControl "5400+30"]
[Date "2022.10.13"]
[WhiteClock "0:01:47"]
[BlackClock "0:00:52"]

1. e4 c5 2. Nf3 d6 3. d4 cxd4 4. Nxd4 Nf6 5. Nc3 Nc6 6. Bc4 Qb6 7. Nb3 e6 8. Be3 Qc7 9. Nb5 Qb8 10. Nc3 Qc7 11. Nb5 Qb8 12. Nc3 Bd7 13. O-O Ne5 14. Be2 b5 15. f4 Nc4 16. Bc1 Qc7 17. Bf3 Rc8 18. a4 b4 19. Nb5 Qb6+ 20. Qd4 Qxd4+ 21. N5xd4 Be7 22. Re1 O-O 23. Bd1 d5 24. e5 Ne4 25. Bf3 Nc5 26. a5 f5 27. g4 g6 28. Re2 Kh8 29. Kh1 Ne4 30. g5 Kg7 31. Ra2 Kf7 32. Bxe4 dxe4 33. Bd2 Rfd8 34. Be1 Bc6 35. c3 bxc3 36. Bxc3 Bd5 37. Ra1 h6 38. h4 hxg5 39. hxg5 Rh8+ 40. Rh2 e3+ 41. Kg1 Rb8 42. Re1 Rxh2 43. Kxh2 Bd8 44. Kg3 Bc7 45. Nc5 Rc8 46. Nb5 Bxa5 47. b4 a6 48. Nxa6 Bb6 49. Bd4 Bxd4 50. Nxd4 Nd2 51. Nc5 Rb8 52. Nc2 Ke7 53. Re2 Nf1+ 1/2-1/2


[Site "http://www.chessbomb.com"]